 Seeded DCSS version 0.29-a0-359-g541a27f54d (webtiles) character file.

Game seed: 12268997005642846884 (custom seed)

634 klau3 the Chopper (level 7, -7/75 HPs)
             Began as an Ogre Berserker on Apr 27, 2022.
             Was a Priest of Trog.
             Mangled by Edmund
             ... wielding a +1 dire flail of protection
              (16 damage)
             ... on level 5 of the Dungeon.
             The game lasted 00:18:26 (5045 turns).

klau3 the Chopper (Ogre Berserker)                  Turns: 5045, Time: 00:18:26

Health: -7/75      AC:  3    Str: 24    XL:     7   Next: 49%
Magic:  7/7        EV: 10    Int:  8    God:    Trog [***...]
Gold:   211        SH:  0    Dex:  8    Spells: 6/6 levels left

rFire   + . .      SeeInvis .   C - +2 hand axe (flame)
rCold   . . .      Faith    .   (no shield)
rNeg    . . .      Spirit   .   t - +0 robe
rPois   +          Reflect  .   (helmet restricted)
rElec   .          Harm     .   f - scarf {repulsion}
rCorr   .          Rampage  .   (gloves unavailable)
Will    .....                   (boots unavailable)
Stlth   +.........              (no amulet)
HPRegen 0.22/turn               y - ring of poison resistance
MPRegen 0.10/turn               x - ring of protection from fire

@: studying Dodging, repel missiles
A: large, unfitting armour, tough skin 1
a: Renounce Religion, Berserk, Trog's Hand


You were on level 5 of the Dungeon.
You worshipped Trog.
Trog was most pleased with you.
You visited 1 branch of the dungeon, and saw 5 of its levels.

You collected 211 gold pieces.

Inventory:

Hand Weapons
 a - a +0 hand axe
 j - a +0 hand axe of venom
 o - a +1 hand axe of venom
 C - a +2 hand axe of flaming (weapon)
 E - a +0 giant club
Missiles
 c - 93 stones (quivered)
Armour
 b - a +1 animal skin
 e - a +0 scale mail
 f - a scarf of repulsion (worn)
 t - a +0 robe (worn)
Magical Staves
 d - a staff of death
Jewellery
 u - a ring of fire
 v - a ring of willpower
 x - a ring of protection from fire (right hand)
 y - a ring of poison resistance (left hand)
 B - a +6 ring of dexterity
Scrolls
 g - 2 scrolls of teleportation
 i - 5 scrolls of fog
 k - a scroll of silence {unknown}
 m - 2 scrolls of magic mapping
 r - 3 scrolls of blinking {unknown}
 s - a scroll of brand weapon {unknown}
 w - 2 scrolls of vulnerability
Potions
 h - a potion of flight {unknown}
 l - 3 potions of heal wounds {unknown}
 n - a potion of brilliance {unknown}
 p - 2 potions of cancellation {unknown}
 q - a potion of degeneration {unknown}
 z - 2 potions of lignification {unknown}
 A - a potion of curing {unknown}
 D - a potion of mutation {unknown}


   Skills:
 + Level 6.2 Fighting
 + Level 6.3 Axes
 + Level 0.1 Throwing
 + Level 5.4 Dodging
 + Level 1.0 Stealth


You had 6 spell levels left.
You didn't know any spells.
Your spell library contained the following spells:

 Spells                   Type           Power      Damage    Failure   Level
 Animate Skeleton         Necr           0%         N/A       41%         1
 Pain                     Necr           0%         1d4       41%         1
 Gell's Gravitas          Tloc           0%         N/A       78%         3
 Lesser Beckoning         Tloc           0%         N/A       78%         3
 Teleport Other           Tloc           0%         N/A       78%         3
 Vampiric Draining        Necr           0%         2d6       78%         3
 Olgreb's Toxic Radiance  Pois           0%         N/A       99%         4
 Malign Gateway           Summ/Tloc      0%         N/A       100%        7
 Ozocubu's Refrigeration  Ice            0%         4d5       100%        7
 Ignition                 Fire           0%         3d3       100%        8
 Summon Horrible Things   Summ           0%         N/A       100%        8


Dungeon Overview and Level Annotations

Branches:
Dungeon (5/15)             Temple (0/1) D:4

Altars:

Shops:
D:4 *

Annotations:
D:5 Edmund


Innate Abilities, Weirdness & Mutations

You are too large for most types of armour.
You have tough skin. (AC +1)


Message History

Edmund is lightly wounded.
Throw: 94 stones
Press: ? - help, Q - select action, (/) - cycle Shift-Dir - straight line, f/p - Edmund
Aim: Edmund, wielding a +1 dire flail of protection and wearing a +0 chain mail (lightly wounded, 65% to hit)
You throw a stone. The stone closely misses Edmund.
Edmund hits you with a +1 dire flail of protection.
You hit Edmund but do no damage.
Edmund is lightly wounded.
Edmund hits you with a +1 dire flail of protection.
You barely miss Edmund.
Edmund is lightly wounded.
Edmund hits you with a +1 dire flail of protection.
You barely miss Edmund.
Edmund is lightly wounded.
Edmund barely misses you.
You hit Edmund. You burn Edmund.
Edmund is lightly wounded.
Edmund hits you with a +1 dire flail of protection!
You slash Edmund! You burn Edmund.
Edmund is moderately wounded.
Edmund hits you with a +1 dire flail of protection!
You hit Edmund but do no damage.
Edmund is moderately wounded.
Edmund barely misses you.
You hit Edmund but do no damage.
Edmund is moderately wounded.
Edmund hits you with a +1 dire flail of protection!
* * * LOW HITPOINT WARNING * * *
You hit Edmund but do no damage.
Edmund is moderately wounded.
Edmund says, "You wouldn't believe how much I paid for this flail."
Edmund hits you but does no damage.
You hit Edmund but do no damage.
Edmund is moderately wounded.
Edmund hits you with a +1 dire flail of protection!
* * * LOW HITPOINT WARNING * * *
You closely miss Edmund.
Edmund is moderately wounded.
Edmund hits you with a +1 dire flail of protection!
You die...

#..##..#............#
#......#...........##
#..#................#
#..#.....######...#.#
#≈≈#...#..#####...#.#
####...#..........#.#
#. #...#..........#.#
#..#...#.....<..###.#
#(.@@..#..####### .#
#....#[#.######## #
########.#......### #
..#........# #
............# #
#####........# #
#........# #
#...#....# # #..
#.<..# #


You could see Edmund.

Vanquished Creatures
  Sigmund (D:5)
  An ogre (D:5)
  A scorpion (D:5)
  3 orc priests (D:4)
  2 hounds
  A jelly (D:4)
  An orc wizard (D:4)
  3 adders (D:2)
  2 worms
  3 dart slugs
  12 orcs
  7 endoplasms
  13 giant cockroaches
  5 goblins
  3 hobgoblins
  7 jackals (D:1)
  4 kobolds
  6 quokkas
  6 ball pythons
  4 bats
  2 frilled lizards
  2 rats (D:2)
89 creatures vanquished.

Vanquished Creatures (others)
  45 plants (D:4)
45 creatures vanquished.

Grand Total: 134 creatures vanquished

Notes
Turn   | Place    | Note
-------+----------+-------------------------------------------
     0 | D:1      | klau3 the Ogre Berserker began the quest for the Orb.
     0 | D:1      | Reached XP level 1. HP: 24/24 MP: 1/1
    87 | D:1      | Reached XP level 2. HP: 18/32 MP: 2/2
   651 | D:1      | Reached XP level 3. HP: 34/40 MP: 3/3
  1158 | D:1      | Found a faded altar of an unknown god.
  1339 | D:2      | Reached ** piety under Trog
  1733 | D:2      | Reached XP level 4. HP: 37/49 MP: 4/4
  3388 | D:4      | Reached XP level 5. HP: 51/55 MP: 5/5
  3389 | D:4      | Reached *** piety under Trog
  3399 | D:4      | Reached skill level 5 in Fighting
  3493 | D:4      | Found Cimyot's General Store.
  3987 | D:4      | Found a staircase to the Ecumenical Temple.
  4054 | D:4      | Reached XP level 6. HP: 32/66 MP: 6/6
  4057 | D:4      | Reached skill level 5 in Axes
  4774 | D:5      | Entered Level 5 of the Dungeon
  4950 | D:5      | Reached skill level 5 in Dodging
  4950 | D:5      | Reached XP level 7. HP: 53/74 MP: 7/7
  4975 | D:5      | Noticed Sigmund
  5001 | D:5      | Killed Sigmund
  5002 | D:5      | Reached skill level 1 in Stealth
  5033 | D:5      | Noticed Edmund
  5045 | D:5      | Mangled by Edmund

Illustrated notes

Levels and vault maps discovered:
D:1:      minmay_arrival_up_and_down, layout_loops_corners,
          hellmonk_ecumenical_altar_inner_sanctum
D:2:      layout_basic
D:3:      minmay_roachtagon, layout_basic
D:4:      layout_rooms, minmay_temple_entry_nine_rooms, serial_shops,
          nicolae_inconvenience_store, serial_bayou_lagoon_a,
          amcnicky_mini_pool_small
D:5:      layout_basic, fedhas_altar_1, sigmund_edmund_badplayer

Skill      XL: |  1  2  3  4  5  6  7 |
---------------+----------------------+-----
Dodging        | 3 4 5 |  5.4
Axes           | 4 5 6 |  6.3
Fighting       | 5 6 |  6.2
Stealth        | 1 |  1.0
Throwing       | |  0.1

Action                   |  1- 3 |  4- 6 |  7- 9 || total
-------------------------+-------+-------+-------++-------
Melee: Hand axe          |   103 |   140 |    15 ||   258
Throw: Stone             |       |     1 |     8 ||     9
  Use: Scroll            |       |     6 |       ||     6
Armor: Animal skin       |    41 |    39 |       ||    80
       Robe              |       |     3 |     2 ||     5
Dodge: Dodged            |    92 |    74 |     4 ||   170

Table legend: (Time is in decaauts)
 A = Elapsed time spent in this place.
 B = Non-inter-level travel time spent in this place.
 C = Inter-level travel time spent in this place.
 D = Time resting spent in this place.
 E = Time spent auto-exploring this place.
 F = Levels seen in this place.
 G = Mean time per level.
                   A        B        C        D        E       F      G
               +--------+--------+--------+--------+--------+-----+--------+
         Total |   5075 |   3911 |   1164 |      0 |   2597 |   5 | 1015.0 |
       Dungeon |   5075 |   3911 |   1164 |      0 |   2597 |   5 | 1015.0 |
               +--------+--------+--------+--------+--------+-----+--------+

Top non-repeatable levels by time:
     D:4: 1454 daAuts
     D:1: 1300 daAuts
     D:3: 1054 daAuts
     D:2: 994 daAuts
     D:5: 272 daAuts
